AoeStats
← Gorp

Arabia

505555998Analyzed
1v1 RM · 24d ago on Sep 10, 2026· 25m 25s· 2 players
Game mode
Random Map
Map size
Tiny (2 player)
Population
200
Speed
Normal
Resources
Standard
Victory
Conquest
Starting age
Dark Age
Ending age
Imperial Age
RankedLock teamsTeams togetherTeam positionsShared explorationLock speedFull tech treeHidden civsTurbo modeCheats
Victory
Defeat
🇨🇦 Mongols · Canada
549
+17
🇦🇷 Vikings · Argentina
579
-17
Gorp
5:19 Loom
10:16 Feudal Age
11:48 Double-Bit Axe
14:10 Forging
18:42 Fletching
19:22 Horse Collar
Gamstrum
7:00 Loom
11:43 Feudal Age
12:09 Double-Bit Axe
12:25 Gold Mining
12:25 Stone Mining
16:57 Horse Collar
24:28 Padded Archer Armor
24:18 Fletching
Connection lost

Rejoining the realm…

Still unreachable

The connection could not be restored.

Session expired

The server has moved on; the page needs a fresh start.